MWL (24 & UNDER)
LEE'S SUMMIT TIGERS @ BEMIDJI BENDERS
08/12/2025
 
TOP OF THE 1ST
Lee's Summit Tigers batting - Pitching for Bemidji Benders : RHP Carl Henry
Pitching: RHP Carl Henry
Batting: LHB Juan Hinojosa 0-0: Ball
1-0: Swinging Strike
1-1: Foul Ball, location: 2F
1-2: Foul Ball, location: 2F
1-2: Foul Ball, location: 2F
1-2: Fly out, F6 (Popup, 6S)
Batting: LHB José López 0-0: Swinging Strike
0-1: Swinging Strike
0-2: Strikes out swinging
Batting: RHB Denny Washington 0-0: Ball
1-0: Fly out, F7 (Flyball, 7M)
Top of the 1st over - 0 run(s), 0 hit(s), 0 error(s), 0 left on base; Lee's Summit 0 - Bemidji 0
BOTTOM OF THE 1ST
Bemidji Benders batting - Pitching for Lee's Summit Tigers : LHP Marcos Flores
Pitching: LHP Marcos Flores
Batting: RHB Nick Harris 0-0: Foul Ball, location: 2F
0-1: Ball
1-1: Ball
2-1: Foul Ball, location: 2F
2-2: Strikes out looking
Batting: RHB Ken McDonald 0-0: Called Strike
0-1: Ball
1-1: Ball
2-1: Ball
3-1: Foul Ball, location: 2F
3-2: SINGLE (Groundball, 56)
Batting: SHB Dave Henley 0-0: Called Strike
0-1: SINGLE (Groundball, 4MD)
Ken McDonald to second
Batting: LHB Tony O'Bryan 0-0: Called Strike
0-1: Foul Ball, location: 2F
0-2: SINGLE (Groundball, 3S) (infield hit)
Ken McDonald to third
Dave Henley to second
Batting: LHB Raúl Morales 0-0: Ball
1-0: Ball
2-0: Ball
3-0: Base on Balls
Ken McDonald scores
Dave Henley to third
Tony O'Bryan to second
Batting: RHB Bob Carr 0-0: Ball
1-0: Grounds into double play, 5-4-3 (Groundball, 56)
Bottom of the 1st over - 1 run(s), 3 hit(s), 0 error(s), 2 left on base; Lee's Summit 0 - Bemidji 1
TOP OF THE 2ND
Lee's Summit Tigers batting - Pitching for Bemidji Benders : RHP Carl Henry
Batting: RHB Oliver Todd 0-0: Foul Ball, location: 2F
0-1: Ball
1-1: Ball
2-1: Foul Ball, location: 2F
2-2: Ball
3-2: Strikes out looking
Batting: LHB Edward Rose 0-0: Ball
1-0: Ball
2-0: Ground out 4-3 (Groundball, 4S)
Batting: LHB Henry Durham 0-0: Ball
1-0: Ball
2-0: Called Strike
2-1: Called Strike
2-2: Strikes out swinging
Top of the 2nd over - 0 run(s), 0 hit(s), 0 error(s), 0 left on base; Lee's Summit 0 - Bemidji 1
BOTTOM OF THE 2ND
Bemidji Benders batting - Pitching for Lee's Summit Tigers : LHP Marcos Flores
Batting: LHB Todd Anderson 0-0: Ball
1-0: Ball
2-0: Ball
3-0: Base on Balls
Batting: RHB Taylor Justice 0-0: Ball
1-0: Swinging Strike
1-1: Swinging Strike
1-2: Grounds into double play, 6-4-3 (Groundball, 6)
Batting: LHB Carlos De La Rosa 0-0: Ball
1-0: Fly out, F8 (Flyball, 8RM)
Bottom of the 2nd over - 0 run(s), 0 hit(s), 0 error(s), 0 left on base; Lee's Summit 0 - Bemidji 1
TOP OF THE 3RD
Lee's Summit Tigers batting - Pitching for Bemidji Benders : RHP Carl Henry
Batting: RHB Flint Todd 0-0: Called Strike
0-1: Swinging Strike
0-2: Ball
1-2: Strikes out swinging
Batting: RHB José López 0-0: Fly out, F9 (Flyball, 89S)
Batting: RHB Gilberto Ferrer 0-0: Ball
1-0: Ball
2-0: Called Strike
2-1: Foul Ball, location: 2F
2-2: Foul Ball, location: 2F
2-2: Strikes out swinging
Top of the 3rd over - 0 run(s), 0 hit(s), 0 error(s), 0 left on base; Lee's Summit 0 - Bemidji 1
BOTTOM OF THE 3RD
Bemidji Benders batting - Pitching for Lee's Summit Tigers : LHP Marcos Flores
Batting: RHB Nick Harris 0-0: Swinging Strike
0-1: Ball
1-1: DOUBLE (Popup, 3D)
Batting: RHB Ken McDonald 0-0: Ground out 6-3 (Groundball, 6)
Nick Harris to third
Batting: SHB Dave Henley 0-0: Ball
1-0: Foul Ball, location: 2F
1-1: Ball
2-1: Ball
3-1: Foul Ball, location: 2F
3-2: Ground out 1-3 (Groundball, 13)
Batting: LHB Tony O'Bryan 0-0: Called Strike
0-1: Swinging Strike
0-2: Ball
1-2: Foul Ball, location: 2F
1-2: Strikes out swinging
Bottom of the 3rd over - 0 run(s), 1 hit(s), 0 error(s), 1 left on base; Lee's Summit 0 - Bemidji 1
TOP OF THE 4TH
Lee's Summit Tigers batting - Pitching for Bemidji Benders : RHP Carl Henry
Batting: LHB Juan Hinojosa 0-0: Called Strike
0-1: Foul Ball, location: 2F
0-2: Ball
1-2: Ball
2-2: Strikes out looking
Batting: LHB José López 0-0: TRIPLE (Line Drive, 9LM)
Batting: RHB Denny Washington 0-0: Ball
1-0: Ball
2-0: Called Strike
2-1: Foul Ball, location: 2F
2-2: Foul Ball, location: 2F
2-2: Foul Ball, location: 2F
2-2: Foul Ball, location: 2F
2-2: Fly out, F9 (Flyball, 9S)
Batting: RHB Oliver Todd 0-0: Ball
1-0: Called Strike
1-1: Swinging Strike
1-2: Foul Ball, location: 2F
1-2: Strikes out swinging
Top of the 4th over - 0 run(s), 1 hit(s), 0 error(s), 1 left on base; Lee's Summit 0 - Bemidji 1
BOTTOM OF THE 4TH
Bemidji Benders batting - Pitching for Lee's Summit Tigers : LHP Marcos Flores
Batting: LHB Raúl Morales 0-0: Called Strike
0-1: Ball
1-1: Ball
2-1: Ball
3-1: Swinging Strike
3-2: Strikes out looking
Batting: RHB Bob Carr 0-0: Called Strike
0-1: Ball
1-1: Foul Ball, location: 2F
1-2: Ball
2-2: DOUBLE (Line Drive, 5D)
Batting: LHB Todd Anderson 0-0: Called Strike
0-1: SINGLE (Groundball, 3D)
Bob Carr to third
Runner from 3rd tries for Home, SAFE, no throw or cutoff
Batting: RHB Taylor Justice 0-0: Ball
1-0: Ball
2-0: Called Strike
2-1: Foul Ball, location: 2F
2-2: Ball
3-2: SINGLE (Groundball, 5D)
Todd Anderson to second
Todd Anderson to third
Batting: LHB Carlos De La Rosa 0-0: Called Strike
0-1: Ball
1-1: Ball
2-1: Called Strike
2-2: Strikes out swinging
Batting: RHB Nick Harris 0-0: Ball
1-0: Foul Ball, location: 2F
1-1: Ball
2-1: Ball
3-1: Base on Balls
Taylor Justice to second
Batting: RHB Ken McDonald 0-0: Fly out, F9 (Line Drive, 9M)
Bottom of the 4th over - 1 run(s), 3 hit(s), 0 error(s), 3 left on base; Lee's Summit 0 - Bemidji 2
TOP OF THE 5TH
Lee's Summit Tigers batting - Pitching for Bemidji Benders : RHP Carl Henry
Batting: LHB Edward Rose 0-0: Foul Ball, location: 2F
0-1: Called Strike
0-2: Strikes out swinging
Batting: LHB Henry Durham 0-0: Ball
1-0: Called Strike
1-1: Called Strike
1-2: Foul Ball, location: 2F
1-2: Ball
2-2: Foul Ball, location: 2F
2-2: Strikes out swinging
Batting: RHB Flint Todd 0-0: Foul Ball, location: 2F
0-1: Ball
1-1: Ball
2-1: Ball
3-1: DOUBLE (Flyball, 89XD)
Batting: RHB José López 0-0: Foul Ball, location: 2F
0-1: SINGLE (Line Drive, 4M)
Flint Todd to third
Runner from 3rd tries for Home, SAFE, no throw or cutoff
Batting: RHB Gilberto Ferrer 0-0: Called Strike
0-1: Ball
1-1: Foul Ball, location: 2F
1-2: Ball
2-2: Ball
3-2: Strikes out swinging
Top of the 5th over - 1 run(s), 2 hit(s), 0 error(s), 1 left on base; Lee's Summit 1 - Bemidji 2
BOTTOM OF THE 5TH
Bemidji Benders batting - Pitching for Lee's Summit Tigers : LHP Marcos Flores
Batting: SHB Dave Henley 0-0: Ball
1-0: Ball
2-0: Foul Ball, location: 2F
2-1: SOLO HOME RUN (Line Drive, 9D), Distance : 347 ft
Batting: LHB Tony O'Bryan 0-0: Ball
1-0: Foul Ball, location: 2F
1-1: Called Strike
1-2: Ball
2-2: Strikes out swinging
Pitching: RHP Augusto Pérez
Batting: LHB Raúl Morales 0-0: Swinging Strike
0-1: Ball
1-1: Ball
2-1: Swinging Strike
2-2: Strikes out looking
Batting: RHB Bob Carr 0-0: Swinging Strike
0-1: Swinging Strike
0-2: Strikes out looking
Bottom of the 5th over - 1 run(s), 1 hit(s), 0 error(s), 0 left on base; Lee's Summit 1 - Bemidji 3
TOP OF THE 6TH
Lee's Summit Tigers batting - Pitching for Bemidji Benders : RHP Carl Henry
Batting: LHB Juan Hinojosa 0-0: Called Strike
0-1: Called Strike
0-2: Foul Ball, location: 2F
0-2: Ball
1-2: Foul Ball, location: 2F
1-2: Foul Ball, location: 2F
1-2: DOUBLE (Line Drive, 9LS)
Pitching: RHP Ambrose Palmer
Batting: LHB José López 0-0: SINGLE (Line Drive, 89S)
Juan Hinojosa to third
Runner from 3rd tries for Home, SAFE, no throw or cutoff
Batting: RHB Denny Washington 0-0: Swinging Strike
0-1: Ball
1-1: Fly out, F7 (Line Drive, 78M)
Batting: RHB Oliver Todd 0-0: Called Strike
José López steals 2nd base
0-1: Called Strike
0-2: Ball
1-2: Ball
2-2: Strikes out swinging
Batting: LHB Edward Rose 0-0: Ground out 4-3 (Groundball, 13)
Top of the 6th over - 1 run(s), 2 hit(s), 0 error(s), 1 left on base; Lee's Summit 2 - Bemidji 3
BOTTOM OF THE 6TH
Bemidji Benders batting - Pitching for Lee's Summit Tigers : RHP Augusto Pérez
Batting: LHB Todd Anderson 0-0: Called Strike
0-1: Foul Ball, location: 2F
0-2: Ball
1-2: Ground out 1-3 (Groundball, 13S)
Batting: RHB Taylor Justice 0-0: Ball
1-0: Foul Ball, location: 2F
1-1: Ball
2-1: Foul Ball, location: 2F
2-2: Ball
3-2: Base on Balls
Batting: LHB Carlos De La Rosa 0-0: Ball
1-0: Swinging Strike
1-1: Fly out, F8 (Flyball, 8LM)
Batting: RHB Nick Harris 0-0: Ball
1-0: Ground out 6-3 (Groundball, 6)
Bottom of the 6th over - 0 run(s), 0 hit(s), 0 error(s), 1 left on base; Lee's Summit 2 - Bemidji 3
TOP OF THE 7TH
Lee's Summit Tigers batting - Pitching for Bemidji Benders : RHP Ambrose Palmer
Pitching: LHP Pedro González
Batting: LHB Henry Durham 0-0: Called Strike
0-1: Ball
1-1: Called Strike
1-2: Strikes out swinging
Pitching: RHP Travis Davis
Batting: RHB Flint Todd 0-0: Ball
1-0: Ball
2-0: Foul Ball, location: 2F
2-1: Foul Ball, location: 2F
2-2: Strikes out swinging
Batting: RHB José López 0-0: Swinging Strike
0-1: Swinging Strike
0-2: Strikes out swinging
Top of the 7th over - 0 run(s), 0 hit(s), 0 error(s), 0 left on base; Lee's Summit 2 - Bemidji 3
BOTTOM OF THE 7TH
Bemidji Benders batting - Pitching for Lee's Summit Tigers : RHP Augusto Pérez
Batting: RHB Ken McDonald 0-0: Ball
1-0: Ball
2-0: Ball
3-0: Called Strike
3-1: Called Strike
3-2: Foul Ball, location: 2F
3-2: Base on Balls
Pitching: RHP Kirby Graham
Batting: SHB Dave Henley 0-0: Ball
1-0: TRIPLE (Line Drive, 5L)
Ken McDonald scores
Batting: LHB Tony O'Bryan 0-0: Called Strike
0-1: Called Strike
0-2: Fly out, F9 (Flyball, 9D)
Runner from 3rd tags up, SCORES, no throw
Batting: LHB Raúl Morales 0-0: Ball
1-0: Called Strike
1-1: Ball
2-1: Called Strike
2-2: Strikes out swinging
Batting: RHB Bob Carr 0-0: Called Strike
0-1: Foul Ball, location: 2F
0-2: Foul Ball, location: 2F
0-2: DOUBLE (Groundball, 5L)
Batting: LHB Todd Anderson 0-0: Called Strike
0-1: Ball
1-1: Ground out 3-1 (Groundball, 3)
Bottom of the 7th over - 2 run(s), 2 hit(s), 0 error(s), 1 left on base; Lee's Summit 2 - Bemidji 5
TOP OF THE 8TH
Lee's Summit Tigers batting - Pitching for Bemidji Benders : RHP Travis Davis
Batting: RHB Gilberto Ferrer 0-0: Called Strike
0-1: Ball
1-1: Foul Ball, location: 2F
1-2: Ball
2-2: Foul Ball, location: 2F
2-2: Ball
3-2: Foul Ball, location: 2F
3-2: Strikes out swinging
Batting: LHB Juan Hinojosa 0-0: Ball
1-0: SINGLE (Groundball, 56D)
Pitching: LHP José Travez
Batting: LHB José López 0-0: Swinging Strike
0-1: TRIPLE (Groundball, 3D)
Juan Hinojosa scores
Pitching: RHP Ángel Germán
Batting: RHB Denny Washington 0-0: Ball
1-0: Swinging Strike
1-1: Called Strike
1-2: Foul Ball, location: 2F
1-2: Strikes out looking
Batting: RHB Oliver Todd 0-0: Ball
1-0: Ball
2-0: Ball
3-0: Base on Balls
Pitching: LHP Carlos Corona
Batting: LHB Edward Rose Pickoff Throw to First - Error! E1
José López scores
Oliver Todd to second
0-0: Fly out, F5 (Popup, 5F)
Top of the 8th over - 2 run(s), 2 hit(s), 1 error(s), 1 left on base; Lee's Summit 4 - Bemidji 5
BOTTOM OF THE 8TH
Bemidji Benders batting - Pitching for Lee's Summit Tigers : RHP Kirby Graham
Batting: RHB Taylor Justice 0-0: Called Strike
0-1: Fly out, F3 (Popup, 3S)
Batting: LHB Carlos De La Rosa 0-0: Fly out, F7 (Flyball, 7M)
Batting: RHB Nick Harris 0-0: SINGLE (Line Drive, 56D)
Batting: RHB Ken McDonald 0-0: Ball
1-0: Ball
2-0: Ball
3-0: Base on Balls
Nick Harris to second
Batting: SHB Dave Henley 0-0: Foul Ball, location: 2F
0-1: SINGLE (Groundball, 56D)
Nick Harris to third
Ken McDonald to second
Runner from 3rd tries for Home, SAFE, no throw or cutoff
Batting: LHB Tony O'Bryan 0-0: Ball
1-0: Called Strike
1-1: Foul Ball, location: 2F
1-2: Ball
2-2: Ground out 4-3 (Groundball, 4)
Bottom of the 8th over - 1 run(s), 2 hit(s), 0 error(s), 2 left on base; Lee's Summit 4 - Bemidji 6
TOP OF THE 9TH
Lee's Summit Tigers batting - Pitching for Bemidji Benders : LHP Carlos Corona
Pitching: RHP Jesús Guerrero
Batting: LHB Henry Durham 0-0: DOUBLE (Line Drive, 89M)
Pinch Hitting: LHB Ramiro Martínez 0-0: Called Strike
0-1: Foul Ball, location: 2F
0-2: Fly out, F9 (Line Drive, 9D)
Runner from 2nd tags up, SAFE at 3rd, no throw
Pinch Hitting: LHB Tomás Téllez 0-0: Ball
1-0: Called Strike
1-1: Ball
2-1: Ball
3-1: Base on Balls
Pinch Hitting: SHB Juan Glaviz 0-0: Ball
1-0: Ball
2-0: Called Strike
2-1: Swinging Strike
2-2: Fielders Choice at 2nd, 4-6 (Groundball, 4)
Henry Durham scores
Batting: LHB Juan Hinojosa 0-0: Ball
1-0: Swinging Strike
1-1: Swinging Strike
1-2: Ball
2-2: Foul Ball, location: 2F
2-2: Strikes out swinging
Top of the 9th over - 1 run(s), 1 hit(s), 0 error(s), 1 left on base; Lee's Summit 5 - Bemidji 6
This league is powered by Out of the Park Baseball, the baseball management simulation game for PC, Mac and Linux
Tuesday, August 2nd, 2016 - OOTP Baseball 16.8 Build 38